 Dungeon Crawl Stone Soup version 0.31-a0-949-g57150269e1 (webtiles) character file.

Game seed: 8700738889275577375

108705 Getoffmy the Warrior (level 17, -9/130 HPs)
             Began as a Formicid Fighter on Oct 21, 2023.
             Was the Champion of Hepliaklqana.
             Killed from afar by a will-o-the-wisp (16 damage)
             ... with a foxfire
             ... on level 3 of the Swamp.
             The game lasted 01:04:10 (28156 turns).

Getoffmy the Warrior (Formicid Fighter)            Turns: 28156, Time: 01:04:11

Health: -9/130     AC: 23    Str: 33    XL:     17   Next: 5%
Magic:  22/26      EV: 13    Int:  4    God:    Hepliaklqana [******]
Gold:   1454       SH: 35    Dex: 16    Spells: 16/16 levels left

rFire   . . .        V - +6 lajatang (freeze)
rCold   . . .        b - +10 tower shield of Ignorance {rN+ Int-4}
rNeg    + . .        Z - +0 storm dragon scales
rPois   .            (helmet unavailable)
rElec   +            G - +2 cloak
rCorr   .            a - +0 pair of fencer's gloves {Riposte Dex+3}
SInv    +            h - +1 pair of boots
Will    ++...        l - amulet of reflection Stlth
                     p - ring "Qabratzo" {rElec Will+ Str+4}
HPRegen 0.41/turn    t - +5 ring of evasion
MPRegen 0.20/turn

%: reflection
@: studying Stealth
A: reduced essence, permanent stasis, dig shafts and tunnels, antennae 3, four
strong arms
a: Dig, Shaft Self, Renounce Religion, Recall Ancestor, Ancestor Identity,
Transference, Idealise


You were on level 3 of the Swamp.
You worshipped Hepliaklqana.
Hepliaklqana was exalted by your worship.
You visited 6 branches of the dungeon, and saw 27 of its levels.
You also visited: Ossuary.

You collected 2481 gold pieces.
You spent 1027 gold pieces at shops.

Inventory:

Hand Weapons
 f - a +3 spectral quarterstaff
 V - a +6 lajatang of freezing (weapon)
 Y - a +0 arbalest
Missiles
 U - a throwing net
Armour
 a - the +0 pair of fencer's gloves (worn) {Riposte Dex+3}
   (You acquired it on level 4 of the Dungeon)

   Riposte:   It allows the wearer to riposte with melee weapons, swiftly
   retaliating against missed or blocked melee attacks.
   Dex+3:     It affects your dexterity (+3).
 b - the +10 tower shield of Ignorance (worn) {rN+ Int-4}
   (You acquired it on level 2 of the Swamp)

   Int-4:     It affects your intelligence (-4).
   rN+:       It protects you from negative energy.
 h - a +1 pair of boots (worn)
 G - a +2 cloak (worn)
 Z - +0 storm dragon scales (worn)
Jewellery
 l - an amulet of reflection (around neck)
 p - the ring "Qabratzo" (left hand) {rElec Will+ Str+4}
   (You found it on level 3 of the Dungeon)

   [ring of willpower]

   Str+4:     It affects your strength (+4).
   rElec:     It insulates you from electricity.
   Will+:     It increases your willpower.
 t - a +5 ring of evasion (right hand)
 A - a ring of flight
 B - the amulet of Symmetry {rC+ Regen+}
   (You took it off a yaktaur captain on level 14 of the Dungeon)

   [amulet of regeneration]

   rC+:       It protects you from cold.
   Regen+:    It increases your rate of health regeneration.
 K - a ring of willpower
 S - the ring of Lady Luck {Wiz rN+}
   (You found it on level 12 of the Dungeon)

   [ring of wizardry]

   Wiz:       It improves your spell success rate.
   rN+:       It protects you from negative energy.
Wands
 e - a wand of charming (12)
 v - a wand of polymorph (19)
 w - a wand of iceblast (46)
 C - a wand of mindburst (46)
 J - a wand of digging (4)
 N - a wand of acid (21)
 O - a wand of flame (21)
Scrolls
 g - a scroll of fog
 i - 2 scrolls of vulnerability
 m - 2 scrolls of butterflies
 r - a scroll of torment
 s - 5 scrolls of immolation
 u - 2 scrolls of poison
 y - 4 scrolls of amnesia
 E - a scroll of fear
 F - 4 scrolls of enchant armour
 I - 11 scrolls of identify
 Q - a scroll of revelation
 W - a scroll of brand weapon
Potions
 c - a potion of cancellation
 d - 3 potions of might
 j - 7 potions of ambrosia
 n - 3 potions of enlightenment
 o - 7 potions of curing
 q - 5 potions of brilliance
 x - 2 potions of resistance
 D - 4 potions of lignification
 H - a potion of attraction
 M - a potion of mutation
 R - a potion of magic


   Skills:
 + Level 16.5 Fighting
 - Level 14.0 Staves
 + Level 5.2 Ranged Weapons
 + Level 11.9 Armour
 - Level 16.3 Shields
 - Level 12.4 Invocations
 * Level 8.9 Evocations


You had 16 spell levels left.
You didn't know any spells.
Your spell library contained the following spells:

 Spells                   Type           Power      Damage    Failure   Level
 Apportation              Tloc           0%         N/A       98%         1
 Freeze                   Ice            0%         1d3       98%         1
 Magic Dart               Conj           0%         1d3       98%         1
 Sandblast                Erth           0%         2d4       98%         1
 Sting                    Tmut/Pois      0%         1d3       98%         1
 Ensorcelled Hibernation  Hex/Ice        0%         N/A       99%         2
 Jinxbite                 Hex            0%         N/A       99%         2
 Passwall                 Tmut/Erth      0%         N/A       99%         2
 Poisonous Vapours        Pois/Air       0%         N/A       99%         2
 Searing Ray              Conj           0%         2d4       99%         2
 Frozen Ramparts          Ice            0%         1d1       100%        3
 Hailstorm                Conj/Ice       0%         3d3       100%        3
 Ozocubu's Armour         Ice            0%         N/A       100%        3
 Stone Arrow              Conj/Erth      0%         3d7       100%        3
 Tukima's Dance           Hex            0%         N/A       100%        3
 Animate Armour           Summ/Erth      0%         N/A       100%        4
 Brom's Barrelling Bould  Conj/Erth      0%         2d3       100%        4
 Dimensional Bullseye     Hex/Tloc       0%         N/A       100%        4
 Fulminant Prism          Conj/Hex       0%         3d5       100%        4
 Iskenderun's Mystic Bla  Conj/Tloc      0%         2d3       100%        4
 Olgreb's Toxic Radiance  Pois           0%         N/A       100%        4
 Petrify                  Tmut/Erth      0%         N/A       100%        4
 Alistair's Intoxication  Tmut/Pois      0%         N/A       100%        5
 Irradiate                Conj/Tmut      0%         3d11      100%        5
 Iskenderun's Battlesphe  Conj           0%         2d6       100%        5
 Metabolic Englaciation   Hex/Ice        0%         N/A       100%        5
 Bombard                  Conj/Erth      0%         9d1       100%        6
 Simulacrum               Ice/Necr       0%         N/A       100%        6
 Haunt                    Necr/Summ      0%         N/A       100%        7
 Malign Gateway           Summ/Tloc      0%         N/A       100%        7
 Spellforged Servitor     Conj/Summ      0%         N/A       100%        7
 Borgnjor's Revivificati  Necr           0%         N/A       100%        8
 Lehudib's Crystal Spear  Conj/Erth      0%         10d2      100%        8
 Summon Horrible Things   Summ           0%         N/A       100%        8
 Death's Door             Necr           0%         N/A       100%        9
 Swiftness                Air            Unusable   N/A       N/A         3

Dungeon Overview and Level Annotations

Branches:
Dungeon (15/15)            Temple (1/1) D:4            Lair (5/5) D:11
  Swamp (3/4) Lair:2        Snake (1/4) Lair:3        Slime (0/5) Lair:5
    Orc (2/2) D:12            Elf (0/3) Orc:2        Vaults (0/5) D:14
 Depths (0/4) D:15        Ossuary (visited)

Altars:
Ashenzari
Cheibriados
Dithmenos
Elyvilon
Fedhas
Gozag
Hepliaklqana
Kikubaaqudgha
Makhleb
Nemelex Xobeh
Okawaru
Qazlal
Ru
Sif Muna
Trog
Uskayaw
Vehumet
Wu Jian
Xom
Yredelemnul
Zin
The Shining One
Jiyva

Shops:
D:4 ([?=(   D:12 (   Orc:1 (   Orc:2 ?[?(

Annotations:
D:15 3 runed translucent doors, Tewoziw's ghost, journeyman FoFi


Innate Abilities, Weirdness & Mutations

Your life essence is reduced to manifest your ancestor. (-10% HP)
You cannot be hasted, slowed, berserked, paralysed or teleported.
You can dig through walls and to a lower floor.
You have a pair of large antennae on your head. (SInv)
Your four strong arms can wield two-handed weapons with a shield.


Message History

You hit the hornet. You freeze the hornet.
The hornet is severely wounded.
The will-o-the-wisp gestures.
The will-o-the-wisp conjures some marshlight!
The thorn hunter fires a volley of thorns at you.
The volley of thorns hits you!!
* * * LOW HITPOINT WARNING * * *
You block the hornet's attack.
You riposte.
You slash the hornet! You freeze the hornet!
The hornet is severely wounded.
You block the hornet's attack.
You riposte.
You closely miss the hornet.
The hornet is severely wounded.
Lucy hits the hornet with a +0 quarterstaff!!
The hornet dies!
You block the swamp worm's attack.
The seven-headed hydra bites you but does no damage.
The seven-headed hydra bites you.
* * * LOW HITPOINT WARNING * * *
You block the seven-headed hydra's attack.
The seven-headed hydra bites you but does no damage.
The seven-headed hydra bites you.
* * * LOW HITPOINT WARNING * * *
You block the seven-headed hydra's attack.
The seven-headed hydra barely misses you. 2 foxfires come into view.
You slice the thorn hunter!! You freeze the thorn hunter.
The thorn hunter is moderately damaged.
The foxfire hits you but does no damage.
The foxfire hits you!!
* * * LOW HITPOINT WARNING * * *
The will-o-the-wisp gestures.
The will-o-the-wisp conjures some marshlight!
You block the thorn hunter's attack. x2; The hornet barely misses you.
You block the swamp worm's attack. 2 foxfires come into view.
Unknown command.
You feel much better. The foxfire hits you!!
* * * LOW HITPOINT WARNING * * *
The foxfire hits you!
You die...

.?.♣ .♣ ...♣
~..♣.~ ♣ ..♣♣♣.
.§.. ♣~ ♣....
...~. ♣~.
♣...♣♣..~.♣
♣♣..♣♣♣...♣≈~..~.
~...~~..ywR~.~~..
..~~..~.@y).~~~.~
~.~~~~~vDf.~~.~.~
....~~§§§~~~♣.~~~
.~~~~§§v§~~..<♣~~
~♣§~~~§§♣~~.~>..~
~§....~§~~~.~~.~♣
~~~~~~.~..~~~~§§§
~♣§.§♣..♣♣§.♣♣~~.
~.~....♣♣ ♣♣. ~~~


You could see the friendly Lucy the battlemage (idealised), a thorn hunter (ally
target), a seven-headed hydra, a will-o-the-wisp, a swamp worm and 2 hornets.

Vanquished Creatures
  Jorgrun (Orc:2)
  A storm dragon (D:14)
  Nessos (D:12)
  3 bunyips (Swamp:1)
  Josephine (Orc:1)
  A yaktaur captain (D:14)
  A fire dragon (Lair:5)
  Fannar (Orc:1)
  3 ogre magi (Orc:2)
  A ghost crab (Swamp:1)
  3 hydras
  2 alligators (Swamp:1)
  9 two-headed ogres
  An alligator (shapeshifter) (D:14)
  3 centaur warriors
  A catoblepas (D:15)
  A tengu warrior (D:14)
  5 boulder beetles
  4 skeletal warriors (D:14)
  2 skysharks
  The ghost of grtsk the Slicer, a novice OpEn of Dithmenos (D:9)
  A sixfirhy (D:8)
  Lodul (D:12)
  2 goliath frogs
  The ghost of justen the Mimic, a novice MfSh of Elyvilon (D:6)
  A death drake (Swamp:2)
  2 swamp dragons
  A bog body (Swamp:2)
  Pikel (D:5)
  A steelbarb worm (shapeshifter) (D:14)
  A necromancer (D:12)
  4 deep elf pyromancers
  3 orc sorcerers (Orc:2)
  13 ugly things
  2 manticores (D:14)
  2 cyclopes
  9 elephants
  8 slime creatures
  A guardian serpent (D:14)
  A black mamba (shapeshifter) (D:15)
  Maurice (D:8)
  3 black mambas
  2 gargoyles
  6 cane toads
  A torpor snail (Lair:5)
  A rime drake (Lair:3)
  Jeremiah (D:9)
  2 kobold demonologists
  An unseen horror (D:11)
  6 komodo dragons
  The ghost of jakobj the Cudgeller, an amateur TrBe of Trog (D:4)
  A tengu conjurer (D:15)
  2 trolls
  A meliai (shapeshifter) (D:14)
  A queen bee (D:9)
  An unseen horror skeleton (D:6)
  A merfolk (D:14)
  3 meliai
  2 polar bears
  3 tyrant leeches
  16 blink frogs
  Prince Ribbit (D:5)
  7 hornets
  4 dream sheep (Lair:3)
  A centaur simulacrum (D:14)
  A shadow (D:11)
  3 wraiths
  A spriggan skeleton (D:15)
  4 wyverns
  6 spriggans
  A vampire (D:9)
  34 yaks
  Grum (D:8)
  A steam dragon (D:9)
  4 basilisks
  9 vampire mosquitoes
  A warg (D:12)
  Edmund (D:5)
  5 acid dragons
  4 swamp worms
  A naga (Lair:3)
  14 water moccasins
  8 orc warriors
  3 black bears
  2 ice beasts
  24 ogres
  24 wolves
  5 centaurs
  A kobold brigand (D:7)
  4 scorpions
  8 bullfrogs
  4 gnoll sergeants
  A battlemage (D:12)
  9 killer bees
  2 electric eels
  A vampire bat (Orc:2)
  A howler monkey (D:4)
  5 hounds
  A gnoll bouda (D:6)
  8 orc priests
  A sleepcap (D:5)
  5 orc wizards
  4 iguanas
  A yak simulacrum (D:12)
  A polar bear simulacrum (D:12)
  4 wolf simulacra (D:12)
  3 mummies
  23 gnolls
  7 adders
  2 ufetubi (D:7)
  2 adder zombies (Ossuary)
  2 dart slugs
  38 orcs
  8 bats
  7 endoplasms
  4 giant cockroaches
  11 hobgoblins
  5 jackals (D:2)
  4 quokkas
  7 ball pythons
  3 frilled lizards
  10 goblins
  2 goblin zombies (Ossuary)
  3 hobgoblin zombies (Ossuary)
  12 kobolds
  3 kobold zombies (Ossuary)
  6 quokka zombies (Ossuary)
  6 rats
  A river rat simulacrum (D:12)
557 creatures vanquished.

Vanquished Creatures (collateral kills)
  A shambling mangrove (Swamp:3)
  An ogre mage (Orc:2)
  A ghost crab (Swamp:2)
  A catoblepas (D:13)
  4 two-headed ogres
  3 tengu warriors
  A skyshark (Lair:3)
  2 spriggans
  An orc knight (D:15)
  A harpy (shapeshifter) (D:14)
  An ugly thing (D:14)
  2 cyclopes
  A will-o-the-wisp (Swamp:1)
  An elephant (Lair:2)
  A torpor snail (Lair:3)
  2 komodo dragons
  An efreet (D:15)
  A rime drake (Lair:5)
  An unseen horror skeleton (D:6)
  A wind drake (shapeshifter) (D:8)
  2 tyrant leeches
  A meliai (D:15)
  3 hornets
  5 blink frogs (Lair:2)
  9 slime creatures
  A culicivora (shapeshifter) (D:14)
  2 wyverns
  A wraith (Orc:1)
  A basilisk (Lair:5)
  16 yaks
  4 vampire mosquitoes
  A steam dragon (Lair:5)
  2 wargs
  3 swamp worms (Swamp:1)
  An acid dragon (Lair:5)
  A swamp drake (Lair:5)
  2 orc warriors
  A black bear (D:8)
  16 ogres
  4 wolves
  4 bullfrogs
  An electric eel (D:14)
  A howler monkey (D:9)
  A hound (Lair:3)
  2 orc priests
  An iguana (Lair:5)
  4 orc wizards
  A yak simulacrum (D:12)
  A polar bear simulacrum (D:12)
  A wolf simulacrum (D:12)
  A mummy (Ossuary)
  5 gnolls
  A shadow imp (D:8)
  15 orcs
  3 bats (Orc:2)
  A goblin zombie (Ossuary)
  A hobgoblin zombie (Ossuary)
  A kobold (D:7)
  A river rat simulacrum (D:12)
150 creatures vanquished.

Vanquished Creatures (others)
  An alligator (Swamp:2)
  2 goliath frogs (Swamp:2)
  A bloated husk (Swamp:2)
  A tyrant leech (Swamp:2)
  2 vampire mosquitoes (Swamp:2)
  An electric eel (D:14)
  13 battlemagi
  An ancestor (D:6)
  13 foxfires
  6 spectral weapons
41 creatures vanquished.

Grand Total: 748 creatures vanquished

Notes
Turn   | Place    | Note
-------+----------+-------------------------------------------
     0 | D:1      | Getoffmy the Formicid Fighter began the quest for the Orb.
     0 | D:1      | Reached XP level 1. HP: 18/18 MP: 1/1
    54 | D:1      | Reached XP level 2. HP: 24/24 MP: 2/2
   352 | D:1      | Reached XP level 3. HP: 30/30 MP: 3/3
  1265 | D:2      | Reached XP level 4. HP: 37/37 MP: 4/4
  2087 | D:3      | Reached XP level 5. HP: 42/42 MP: 5/5
  2125 | D:3      | Identified the ring "Qabratzo" {rElec Will+ Str+4}
  2693 | D:4      | Found Gearchae's Antique Armour Shoppe.
  2768 | D:4      | Found Quahottoc's Antique Weapon Shoppe.
  2776 | D:4      | Bought a glowing quarterstaff for 175 gold pieces
  2860 | D:4      | Found Tafuho's Antique Weapon Emporium.
  2944 | D:4      | Reached XP level 6. HP: 48/49 MP: 6/6
  3059 | D:4      | Found a sparkling altar of Nemelex Xobeh.
  3091 | D:4      | Found a staircase to the Ecumenical Temple.
  3208 | D:4      | Found a runed translucent door.
  3212 | D:4      | Found Wuddia Keto's Jewellery Emporium.
  3269 | D:4      | Found Amovaott's Magic Scroll Emporium.
  3276 | D:4      | Bought a scroll of poison for 48 gold pieces
  3332 | D:4      | Noticed jakobj's ghost (amateur TrBe)
  3546 | Temple   | Entered the Ecumenical Temple
  3578 | Temple   | Became a worshipper of Hepliaklqana the Forgotten
  3697 | D:5      | Entered Level 5 of the Dungeon
  3709 | D:5      | Noticed Pikel
  3722 | D:5      | Killed Pikel
  3723 | D:5      | Reached skill level 5 in Fighting
  3723 | D:5      | Reached XP level 7. HP: 5/57 MP: 6/9
  3726 | D:5      | HP: 2/57 [scorpion (4)]
  3740 | D:4      | Reached XP level 8. HP: 13/64 MP: 7/10
  4131 | D:5      | Found a shimmering altar of Xom.
  4251 | D:5      | Found an iron altar of Okawaru.
  4291 | D:5      | Noticed Prince Ribbit
  4299 | D:5      | Noticed Edmund
  4301 | D:5      | Killed Prince Ribbit
  4309 | D:5      | Killed Edmund
  4310 | D:5      | Reached skill level 5 in Invocations
  4310 | D:5      | Reached XP level 9. HP: 58/71 MP: 12/12
  4460 | D:5      | Found a radiant altar of Vehumet.
  5122 | D:6      | Reached * piety under Hepliaklqana
  5333 | D:6      | Found a runed translucent gate.
  5333 | D:6      | Found a runed translucent gate.
  5333 | D:6      | Found a runed translucent gate.
  5334 | D:6      | Noticed justen's ghost (novice MfSh)
  5565 | D:6      | Found a bloodstained altar of Trog.
  5638 | D:6      | Found a hide-covered altar of Uskayaw.
  5987 | D:6      | Found a snail-covered altar of Cheibriados.
  6093 | D:6      | Killed justen's ghost
  6094 | D:6      | Reached skill level 10 in Staves
  6094 | D:6      | Reached XP level 10. HP: 60/72 MP: 15/15
  6427 | D:7      | Reached ** piety under Hepliaklqana
  6428 | D:7      | Remembered your ancestor Lucy as a battlemage
  6567 | D:7      | Found a shimmering blue altar of Sif Muna.
  6794 | D:8      | Noticed a two-headed ogre
  6794 | D:8      | Found a sand-covered staircase.
  6804 | D:8      | Killed a two-headed ogre
  6822 | Ossuary  | Entered an ossuary
  7067 | D:8      | Found a stormy altar of Qazlal.
  7109 | D:8      | Noticed Grum
  7119 | D:8      | Killed Grum
  7265 | D:8      | Noticed a two-headed ogre
  7277 | D:8      | Killed a two-headed ogre
  7278 | D:8      | Reached XP level 11. HP: 36/80 MP: 17/17
  7568 | D:8      | Noticed Maurice
  7576 | D:8      | Killed Maurice
  8005 | D:8      | Found a runed translucent door.
  8006 | D:8      | Found a burning altar of Makhleb.
  8006 | D:8      | Noticed a sixfirhy
  8160 | D:8      | Killed a sixfirhy
  8161 | D:8      | Reached skill level 10 in Fighting
  8483 | D:9      | Noticed Jeremiah
  8512 | D:9      | Killed Jeremiah
  8930 | D:9      | Reached *** piety under Hepliaklqana
  8979 | D:9      | Noticed grtsk's ghost (novice OpEn)
  8990 | D:9      | Found a transporter.
  8995 | D:9      | Found a transporter.
  9368 | D:9      | Reached skill level 10 in Invocations
  9370 | D:9      | Killed grtsk's ghost
  9474 | D:10     | Entered Level 10 of the Dungeon
  9629 | D:10     | Found an opulent altar of Gozag.
  9645 | D:10     | Identified the +5 falchion "Ytsuwopi" {antimagic, Will+
                  | rCorr}
  9907 | D:10     | Reached XP level 12. HP: 74/89 MP: 19/19
 10327 | D:10     | Found an ornate altar of the Wu Jian Council.
 11451 | D:11     | Found a shadowy altar of Dithmenos.
 11862 | D:11     | Found a staircase to the Lair.
 12681 | D:14     | Identified the "Paituo Xosk"
 12681 | Lair:1   | Entered Level 1 of the Lair of Beasts
 12730 | Lair:1   | Reached **** piety under Hepliaklqana
 13580 | Lair:2   | Reached XP level 13. HP: 98/98 MP: 22/22
 13617 | Lair:2   | Reached skill level 5 in Shields
 13842 | Lair:2   | Reached ***** piety under Hepliaklqana
 13993 | Lair:2   | Found a staircase to the Swamp.
 14179 | Lair:2   | Reached skill level 5 in Armour
 14815 | Lair:3   | Noticed a five-headed hydra
 14822 | Lair:3   | Killed a five-headed hydra
 15025 | Lair:3   | Found a staircase to the Snake Pit.
 15317 | Lair:3   | Reached skill level 10 in Shields
 15886 | Lair:4   | Reached XP level 14. HP: 97/106 MP: 23/23
 16019 | Lair:4   | Found an ancient bone altar of Kikubaaqudgha.
 16600 | Lair:4   | Identified the +2 robe of Courage {Int+3 Dex-5}
 16786 | Lair:5   | Entered Level 5 of the Lair of Beasts
 17449 | Lair:5   | Found a viscous altar of Jiyva.
 17449 | Lair:5   | Found a staircase to the Slime Pits.
 18266 | D:12     | Reached ****** piety under Hepliaklqana
 18281 | D:12     | Noticed Lodul
 18292 | D:12     | Killed Lodul
 18636 | D:12     | Identified the +2 scale mail of the Imbibing Princes {rElec
                  | Will- Str+3 Int+3}
 18647 | D:12     | Found a staircase to the Orcish Mines.
 18658 | D:12     | Noticed Nessos
 18667 | D:12     | Killed Nessos
 18921 | D:12     | Identified the ring of Lady Luck {Wiz rN+}
 19289 | D:12     | Found Ankausho's Antique Weapon Shoppe.
 19486 | D:12     | Identified the +7 glaive of a treasure trove {protect,
                  | Int+4}
 19517 | D:13     | Upgraded the game from 0.31-a0-940-gdaa99269f9 to
                  | 0.31-a0-949-g57150269e1
 19983 | D:13     | Reached XP level 15. HP: 66/114 MP: 24/24
 20407 | Snake:1  | Entered Level 1 of the Snake Pit
 20515 | Orc:1    | Entered Level 1 of the Orcish Mines
 20531 | Orc:1    | Found a transporter.
 20580 | Orc:1    | Found Atsew's Weapon Shop.
 20602 | Orc:1    | Found a transporter.
 20604 | Orc:1    | Noticed Fannar
 20614 | Orc:1    | Killed Fannar
 20758 | Orc:1    | Noticed Josephine
 20762 | Orc:1    | Killed Josephine
 20955 | Orc:2    | Entered Level 2 of the Orcish Mines
 21346 | Orc:2    | Found a staircase to the Elven Halls.
 21375 | Orc:2    | Noticed Jorgrun
 21388 | Orc:2    | Killed Jorgrun
 21389 | Orc:2    | Reached skill level 15 in Fighting
 21389 | Orc:2    | Reached skill level 15 in Shields
 22114 | Orc:2    | Reached skill level 10 in Armour
 22133 | Orc:2    | Found Uxkohen's Armour Shoppe.
 22133 | Orc:2    | Found Laseq's Magic Scroll Shop.
 22137 | Orc:2    | Found Nunwoism's Weapon Boutique.
 22137 | Orc:2    | Found Nohue's Magic Scroll Shoppe.
 22868 | D:13     | Reached skill level 1 in Evocations
 23364 | D:14     | Reached skill level 1 in Ranged Weapons
 23393 | D:14     | Reached XP level 16. HP: 99/123 MP: 25/25
 23655 | D:14     | Identified the +3 leather armour of Val Qaoquo {rF+ rC+}
 23772 | D:14     | Reached skill level 5 in Evocations
 24305 | D:14     | Found a gate to the Vaults.
 24305 | D:14     | Noticed a storm dragon
 24312 | D:14     | Killed a storm dragon
 24535 | D:14     | Identified the staff "Puegiula" {Tmut Earth}
 24570 | D:14     | Identified the amulet of Symmetry {rC+ Regen+}
 24849 | D:15     | Entered Level 15 of the Dungeon
 24905 | D:15     | Found a runed translucent gate.
 24905 | D:15     | Found a runed translucent gate.
 24905 | D:15     | Found a runed translucent gate.
 24905 | D:15     | Noticed Tewoziw's ghost (journeyman FoFi)
 25123 | D:15     | Found a staircase to the Depths.
 25396 | Swamp:1  | Entered Level 1 of the Swamp
 25700 | D:4      | Bought a scroll of enchant armour for 90 gold pieces
 25700 | D:4      | Bought a scroll of acquirement for 624 gold pieces
 25700 | D:4      | Bought a scroll of revelation for 90 gold pieces
 25700 | D:4      | Acquired the +0 pair of fencer's gloves {Riposte Dex+3}
 25700 | D:4      | Found the +0 pair of fencer's gloves {Riposte Dex+3}
 25750 | D:4      | Killed jakobj's ghost
 27027 | Swamp:2  | HP: 6/122 [spore (22)]
 27399 | Swamp:2  | Reached skill level 5 in Ranged Weapons
 27757 | Swamp:2  | Reached XP level 17. HP: 129/130 MP: 26/26
 27766 | Swamp:2  | Acquired the +10 tower shield of Ignorance {rN+ Int-4}
 27766 | Swamp:2  | Found the +10 tower shield of Ignorance {rN+ Int-4}
 27841 | Swamp:2  | Identified the +4 scimitar of Division {pain, *Rage Fly
                  | rElec rF+ rN+}
 28147 | Swamp:3  | Noticed a thorn hunter
 28155 | Swamp:3  | HP: 2/130 [will-o-the-wisp/foxfire (23)]
 28156 | Swamp:3  | Killed from afar by a will-o-the-wisp

Illustrated notes

Levels and vault maps discovered:
D:1:      nicolae_arrival_somewhat_less_tricky_arrival, layout_basic,
          hangedman_decor_growths, roderic_serpentine_path
D:2:      layout_basic, st_stairs_10
D:3:      minmay_recursive_quarters, layout_basic
D:4:      layout_loops_corners, kennysheep_mini, minmay_temple_entry_trees,
          ebering_ghost_inner_flame, serial_shops, nicolae_shop_stone, shop,
          shop, kennysheep_mini_moat, nicolae_square_shop, grunt_ministairs_4,
          chequers_mini_garden
D:5:      layout_basic, okawaru_altar_gauntlet_db, nicolae_vehumet_radiance,
          mainiacjoe_overflow_boulevard, serial_corexii_hall,
          chequers_hall_statues_y, chequers_hall_statues_wall_a,
          hangedman_decor_riveting, chequers_serial_rivers_small_a, st_stairs_5,
          uniq_pikel, uniq_edmund, uniq_prince_ribbit1
D:6:      layout_basic, chei_slow_surprise, lemuel_tele_altar,
          kennysheep_little_box, gammafunk_ghost_necromancy
D:7:      layout_rooms, mainiacjoe_overflow_paths,
          nicolae_concentric_dashed_squares_mild
D:8:      layout_loops_ring, nzn_makhleb_speed_demon, grunt_qazlal_clouds,
          enter_ossuary_1, david_defended_altar_orc, uniq_grum, uniq_maurice
D:9:      layout_gridville, gammafunk_ghost_hive, minmay_misc_feat_pillars,
          uniq_jeremiah
D:10:     layout_loops_ring, old_standard_altar, nzn_wu_jian_contemplation,
          minivault_24
D:11:     layout_long_grid, lair_entry_dummy, nicolae_dithmenos_the_darkroom
D:12:     layout_cave_pools, erik_orc_4, serial_shops, shop, minivault_10,
          eino_house_with_fridge, uniq_lodul, uniq_nessos
D:13:     layout_irregular_city
D:14:     minmay_the_grid_3x2 [minmay_the_grid_spikes,
          minmay_the_grid_medium_cups, minmay_the_grid_zigzag_pyramid,
          minmay_the_grid_stretched_grid, minmay_the_grid_rooms,
          minmay_the_grid_prize_diamond_cup], layout_loops_ring,
          hellmonk_vaults_attempted_burglary, kennysheep_crisscross,
          hangedman_stone_soup, nrook_guardian_serpent_ordinary, uniq_frances
D:15:     gammafunk_depths_entry_grave, layout_basic, minivault_25,
          portal_ice_cave_entry_ice_statue_one, gammafunk_ghost_spectres,
          serial_corexii_hall, corexii_hall_statues_i, corexii_hall_statues_i,
          corexii_hall_statues_s, chequers_hall_statues_y, minivault_16,
          uniq_kirke
Temple:   nicolae_temple_bog_church
Lair:1:   layout_concentric_octagons, chequers_serial_rivers_micro_c
Lair:2:   layout_regular_city, swamp_mist, serial_bayou_shore_a
Lair:3:   beast_lair_carwin_large_3, layout_concentric_octagons,
          minmay_snake_entry_guardpost_small, serial_bayou_pond_b
Lair:4:   layout_roguey, basic_altar
Lair:5:   guppyfry_lair_end_dragon, layout_gridlike, slime_entry_1,
          lemuel_fruit_tree
Swamp:1:  layout_basic_swamp, nicolae_swamp_treefoil
Swamp:2:  layout_basic_swamp, nicolae_swamp_round_clearing
Swamp:3:  layout_falls_marsh, hangedman_swamp_blocks, uniq_nikola
Snake:1:  layout_layer_cave
Orc:1:    layout_diamond_mine, serial_shops, nicolae_shop_drivethru,
          uniq_josephine, uniq_fannar
Orc:2:    st_orc_ogre_mass, layout_caves, roderic_batcave,
          mumra_transporter_accident, uniq_jorgrun

Skill      XL: |  1  2  3  4  5  6  7  8  9 10 11 12 13 14 15 16 |
---------------+-------------------------------------------------+-----
Staves         | 3 4 6 8 10 11 13 14 | 14.0
Fighting       | 4 5 6 8 9 10 12 13 14 15 16 | 16.5
Invocations    | 3 5 7 8 10 12 | 12.4
Shields        | 10 14 16 | 16.3
Armour         | 6 8 10 11 | 11.9
Evocations     | 4 8 |  8.9
Ranged Weapons | 1 5 |  5.2

Action                     |  1- 3 |  4- 6 |  7- 9 | 10-12 | 13-15 | 16-18 || total
---------------------------+-------+-------+-------+-------+-------+-------++-------
  Melee: Quarterstaff      |    88 |   116 |   138 |   400 |   466 |     2 ||  1210
         Lajatang          |       |       |       |       |   312 |   215 ||   527
  Throw: Stone             |       |       |     8 |       |       |       ||     8
         Dart              |       |       |       |       |     2 |       ||     2
 Invoke: Recall Ancestor   |       |       |       |     2 |     1 |       ||     3
         Ancestor Life: Ba |       |       |       |     1 |       |       ||     1
         Ancestor Identity |       |       |       |     1 |       |       ||     1
         Idealise          |       |       |       |       |       |     2 ||     2
Ability: Dig               |       |       |     1 |       |     3 |     2 ||     6
  Evoke: Wand              |       |       |       |       |     1 |       ||     1
    Use: Scroll            |       |    10 |       |    14 |    12 |     8 ||    44
         Potion            |       |       |     1 |     3 |     2 |     5 ||    11
   Stab: Distracted        |       |       |       |     4 |     9 |     4 ||    17
 Armour: Scale mail        |    26 |       |       |       |       |       ||    26
         Chain mail        |    18 |   103 |    76 |   131 |   218 |    27 ||   573
         Storm dragon scal |       |       |       |       |       |   125 ||   125
  Dodge: Dodged            |    25 |    45 |    48 |   115 |   157 |    82 ||   472
  Block: Buckler           |    22 |    45 |    63 |   109 |       |       ||   239
         Reflection        |       |       |     2 |     9 |    15 |    16 ||    42
         Kite shield       |       |       |       |    48 |   415 |   142 ||   605
         Tower shield      |       |       |       |       |       |    65 ||    65
Riposte: Lajatang          |       |       |       |       |       |    29 ||    29
         Quarterstaff      |       |       |       |       |       |     2 ||     2

Table legend: (Time is in decaauts)
 A = Elapsed time spent in this place.
 B = Non-inter-level travel time spent in this place.
 C = Inter-level travel time spent in this place.
 D = Time resting spent in this place.
 E = Time spent auto-exploring this place.
 F = Levels seen in this place.
 G = Mean time per level.
                   A        B        C        D        E       F      G
               +--------+--------+--------+--------+--------+-----+--------+
         Total |  27942 |  25114 |   2828 |   6627 |  14003 |  28 |  997.9 |
       Dungeon |  17911 |  16163 |   1748 |   4273 |   9223 |  15 | 1194.1 |
        Temple |     41 |     18 |     23 |      0 |      0 |   1 |   41.0 |
          Lair |   5648 |   5116 |    532 |   1104 |   3191 |   5 | 1129.6 |
         Swamp |   2203 |   2044 |    159 |    876 |    812 |   3 |  734.3 |
     Snake Pit |      1 |      1 |      0 |      0 |      0 |   1 |    1.0 |
  Orcish Mines |   1932 |   1569 |    363 |    337 |    715 |   2 |  966.0 |
       Ossuary |    203 |    203 |      0 |     37 |     61 |   1 |  203.0 |
               +--------+--------+--------+--------+--------+-----+--------+

Top non-repeatable levels by time:
    D:11: 1831 daAuts
 Swamp:1: 1695 daAuts
    D:14: 1596 daAuts
    D:12: 1549 daAuts
    D:10: 1504 daAuts
    D:13: 1466 daAuts
  Lair:2: 1466 daAuts
     D:4: 1363 daAuts
  Lair:5: 1348 daAuts
     D:9: 1312 daAuts
     D:6: 1311 daAuts
     D:8: 1291 daAuts
     D:1: 1186 daAuts
     D:5: 1123 daAuts
   Orc:2: 1110 daAuts
